 Dungeon Crawl Stone Soup version 0.30-b1-2-g02819fbbbe (webtiles) character file.

Game seed: 4787437840419020429

9 ventricule the Sneak (level 2, 0/26 HPs)
             Began as a Minotaur Delver on May 6, 2023.
             Slain by an ufetubus (1 damage)
             ... on level 5 of the Dungeon.
             The game lasted 00:00:19 (75 turns).

ventricule the Sneak (Minotaur Delver)                Turns: 75, Time: 00:00:21

Health: 0/26       AC:  6    Str: 16    XL:     2   Next: 3%
Magic:  1/1        EV:  9    Int:  7    God:
Gold:   10         SH:  0    Dex: 11    Spells: 1/1 levels left

rFire   . . .        a - +0 hand axe
rCold   . . .        (no shield)
rNeg    . . .        i - +0 scale mail
rPois   .            (helmet restricted)
rElec   .            (no cloak)
rCorr   .            (no gloves)
SInv    .            (no boots)
Will    .....        (no amulet)
Stlth   +            (no ring)
HPRegen 0.24/turn    (no ring)
MPRegen 0.07/turn

%: no passive effects
@: no status effects
A: horns 2, retaliatory headbutt
a: no special abilities


You were on level 5 of the Dungeon.
You visited 1 branch of the dungeon, and saw 1 of its levels.

You collected 10 gold pieces.

Inventory:

Hand Weapons
 a - a +0 hand axe (weapon)
Armour
 b - a +0 leather armour
 i - a +0 scale mail (worn)
Wands
 g - a wand of digging (3)
Scrolls
 c - a scroll of fog
 d - a scroll of magic mapping
 e - a scroll of fear
Potions
 f - a potion of haste
 h - a potion of curing {unknown}


   Skills:
 - Level 3.6 Fighting
 + Level 3.0 Axes
 + Level 1.3 Armour
 - Level 2.1 Dodging
 - Level 4.1 Stealth


You had one spell level left.
You didn't know any spells.
Your spell library was empty.

Dungeon Overview and Level Annotations

Branches:
Dungeon (5/15)
 Temple: D:4-7

Altars:
Zin


Innate Abilities, Weirdness & Mutations

You have a pair of horns on your head.
You reflexively headbutt those who attack you in melee.


Message History

You hit the adder.
You kill the adder!
Your Axes skill increases to level 3!
Your Armour skill increases to level 1!
You have reached level 2!
HP restored.
You see here an adder corpse.
A hound comes into view.
The hound barks!
A hound is nearby!
The hound bites you. The hound closely misses you.
You completely miss the hound. You punch the hound, but do no damage.
The hound bites you. The hound bites you but does no damage.
An ufetubus comes into view.
You hit the hound but do no damage. The hound bites you.
You miss the hound. The hound bites you but does no damage.
The hound bites you.
You miss the hound. The hound closely misses you. You furiously retaliate!
You headbutt the hound. The ufetubus barely misses you. The ufetubus hits you.
The hound stops to sniff the ground.
The hound bites you but does no damage.
You are too injured to fight recklessly!
You are too injured to fight recklessly!
You are too injured to fight recklessly!
Unknown command.
You are too injured to fight recklessly!
You hit the hound.
The hound is heavily wounded.
You closely miss the ufetubus. The ufetubus hits you.
The ufetubus barely misses you. The hound barely misses you.
You furiously retaliate!
You headbutt the hound. The ufetubus completely misses you.
The ufetubus barely misses you. The hound bites you but does no damage.
You hit the hound but do no damage.
The hound is severely wounded.
You closely miss the ufetubus. The ufetubus hits you. x2
* * * LOW HITPOINT WARNING * * *
The hound bites you.
* * * LOW HITPOINT WARNING * * *
The ufetubus hits you.
You die...

#. .. # #.####. .####
#..#... ......# #.....#
..##..###
....##.#......§.# #.
#h5.....≈≈≈§§≈.# #.
..###.@#..#.≈≈≈§§≈.###.
#.........##.≈§>.§§.....
.............≈≈._≈≈.. #.
...#.#.......≈≈§§§≈.. #.
.# #.#######†≈§≈§§≈.# #.
# #...§§...# #. ..
###.###### #. #..###.#
#. #.....########.


You could see a hound and an ufetubus.

Vanquished Creatures
  An adder (D:5)
1 creature vanquished.

Notes
Turn   | Place    | Note
-------+----------+-------------------------------------------
     0 | D:5      | ventricule the Minotaur Delver began the quest for the Orb.
     0 | D:5      | Reached XP level 1. HP: 19/19 MP: 0/0
     9 | D:5      | Noticed an iguana
    46 | D:5      | Found a glowing silver altar of Zin.
    54 | D:5      | Reached skill level 1 in Armour
    54 | D:5      | Reached XP level 2. HP: 24/26 MP: 1/1
    75 | D:5      | HP: 1/26 [hound (4)]
    75 | D:5      | Slain by an ufetubus

Illustrated notes

Levels and vault maps discovered:
D:5:      cheibrodos_two_vegetables, layout_rooms, general_overflow_altar,
          led_sif_pool

Skill      XL: |  1 |
---------------+----+-----
Axes           | 3 |  3.0
Armour         | 1 |  1.3
Fighting       | |  3.6
Dodging        | |  2.1
Stealth        | |  4.1

Action                     || total
---------------------------++-------
  Melee: Hand axe          ||     9
         Punch             ||     1
 Armour: Scale mail        ||     6
  Dodge: Dodged            ||     7
